 Dungeon Crawl Stone Soup version 0.24.0-1-gfbc8707122 (webtiles) character file.

Game seed: 9966265945045051819, levelgen mode: deterministic

86 Froggeryz the Cutter (level 4, -16/29 HPs)
             Began as a Kobold Chaos Knight on Oct 26, 2019.
             Was an Initiate of Okawaru.
             Demolished by an orc
             ... wielding a +0 short sword of distortion
              (19 damage)
             ... on level 7 of the Dungeon.
             The game lasted 00:03:44 (1597 turns).

Froggeryz the Cutter (Kobold Chaos Knight)          Turns: 1597, Time: 00:03:44

Health: -16/29     AC:  6    Str:  9    XL:     4   Next: 77%
Magic:  4/4        EV: 14    Int: 14    God:    Okawaru [......]
Gold:   19         SH:  0    Dex: 16    Spells: 3/3 levels left

rFire    . . .     SeeInvis .   a - +0 short sword (chaos)
rCold    . . .     Gourm    .   (shield restricted)
rNeg     . . .     Faith    .   b - +2 leather armour
rPois    .         Spirit   .   k - +0 helmet
rElec    .         Reflect  .   j - +0 cloak
rCorr    .         Harm     .   n - +0 pair of gloves
MR       .....                  (no boots)
Stlth    +.........             (no amulet)
HPRegen  0.49/turn              (no ring)
MPRegen  0.09/turn              (no ring)

@: about to teleport
A: small, agile 1, carnivore, deformed body, regeneration 1
a: Renounce Religion


You were on level 7 of the Dungeon.
You worshipped Okawaru.
Okawaru was noncommittal.
You were very full.

You visited 1 branch of the dungeon, and saw 5 of its levels.

You collected 19 gold pieces.

Inventory:

Hand Weapons
 a - a +0 short sword of chaos (weapon)
Missiles
 l - 59 stones (quivered)
Armour
 b - a +2 leather armour (worn)
 j - a +0 cloak (worn)
 k - a +0 helmet (worn)
 n - a +0 pair of gloves (worn)
Scrolls
 d - 2 scrolls of teleportation
 e - a scroll of random uselessness {unknown}
 f - a scroll of magic mapping {unknown}
 h - a scroll of blinking {unknown}
 i - a scroll of identify {unknown}
 o - a scroll of remove curse {unknown}
Potions
 g - 3 potions of curing {unknown}
 m - a potion of haste {unknown}
 p - a potion of invisibility {unknown}
Comestibles
 c - 8 rations


   Skills:
 + Level 4.2 Fighting
 * Level 6.0 Short Blades
 - Level 0.7 Armour
 - Level 2.4 Dodging


You had 3 spell levels left.
You didn't know any spells.
Your spell library was empty.

Dungeon Overview and Level Annotations

Branches:
Dungeon (7/15)
 Temple: D:4-7

Altars:
Okawaru


Innate Abilities, Weirdness & Mutations

You are small and have problems with some larger weapons.
You are carnivorous and can eat meat at any time.
You are agile. (Dex +2)
Armour fits poorly on your strangely shaped body.
Your natural rate of healing is unusually fast.


Message History

The orc hits you with a +0 flail! The orc closely misses you.
Unknown command.
As you read the scroll labeled XOIPRI DESO, it crumbles to dust.
You feel strangely unstable.
It was a scroll of teleportation.
The orc sings a few bars from the Orcish anthem.
The adder zombie closely misses you. The orc hits you with a +0 flail.
The orc hits you but does no damage.
You closely miss the orc wizard. The bullfrog hits you.
* * * LOW HITPOINT WARNING * * *
The adder zombie bites you but does no damage.
Unknown command.
Unknown command.
You closely miss the orc wizard. The bullfrog hits you.
* * * LOW HITPOINT WARNING * * *
The orc wizard completely misses you. The orc barely misses you.
The orc hits you with a +0 flail.
* * * LOW HITPOINT WARNING * * *
The orc hits you but does no damage. Space warps horribly around you!!
Ouch! That really hurt!
You die...

# #. . #. #..
#.#######....
#...$....#
#.ooo<...#
#..@Z....#
#...F)o!...8#
##.........##
...>.......#
.............#
.......#######
.......
.......


You could see a bullfrog, an orc wizard, 3 orcs and an adder zombie.

Vanquished Creatures
  2 adders
  2 oozes
  2 dart slugs
  2 orcs
  2 ball pythons
  7 bats
  2 giant cockroaches (D:1)
  7 goblins
  8 hobgoblins
  3 frilled lizards
  5 kobolds
  10 rats
52 creatures vanquished.

Notes
Turn   | Place    | Note
-------+----------+-------------------------------------------
     0 | D:1      | Froggeryz the Kobold Chaos Knight began the quest for the
                  | Orb.
     0 | D:1      | Reached XP level 1. HP: 14/14 MP: 1/1
    51 | D:1      | Reached XP level 2. HP: 19/19 MP: 2/2
    71 | D:1      | XOM: divination: magic mapping
    73 | D:1      | XOM: divination: detect items
    79 | D:1      | XOM: mild Summ miscast
    80 | D:1      | Noticed a crimson imp
    85 | D:1      | XOM: blink monster(s)
   152 | D:1      | XOM: 1-stop teleportation journey
   305 | D:1      | Reached XP level 3. HP: 20/24 MP: 3/3
   311 | D:1      | Reached skill level 5 in Short Blades
   311 | D:1      | XOM: smoke on damage
   524 | D:1      | XOM: noise
   663 | D:1      | XOM: give mutations
   663 | D:1      | Gained mutation: Your natural rate of healing is unusually
                  | fast. [Xom's mischief]
   663 | D:1      | Gained mutation: Armour fits poorly on your strangely
                  | shaped body. [Xom's mischief]
   663 | D:1      | Gained mutation: You are partially covered in icy blue
                  | scales. (AC +2) [Xom's mischief]
   711 | D:1      | XOM: harmless Erth miscast
   843 | D:2      | XOM: swap monsters
   994 | D:2      | Found an iron altar of Okawaru.
  1033 | D:2      | Fell from the grace of Xom
  1033 | D:2      | Became a worshipper of Warmaster Okawaru
  1205 | D:2      | Reached XP level 4. HP: 29/29 MP: 4/4
  1295 | D:2      | XOM: mild Necr miscast
  1359 | D:2      | XOM: medium Air miscast
  1431 | D:2      | XOM: give mutations
  1431 | D:2      | Lost mutation: You are partially covered in icy blue
                  | scales. (AC +2) [Xom's mischief]
  1431 | D:2      | Gained mutation: You are agile. (Dex +2) [Xom's mischief]
  1483 | D:3      | Reached skill level 6 in Short Blades
  1523 | D:3      | XOM: 3-stop teleportation journey
  1557 | D:3      | You fall into a shaft and drop 3 floors!
  1558 | D:6      | Noticed a sky beast
  1591 | D:7      | Noticed a bullfrog
  1597 | D:7      | Demolished by an orc

Levels and vault maps discovered:
D:1:      matt_arrival_los_fun, layout_basic
D:2:      layout_basic, kennysheep_okawaru_gauntlet, first_ration, corexii_shack
D:3:      layout_loops_corners
D:6:      layout_loops_ring, minmay_checkerbox
D:7:      layout_basic, serial_shops, kennysheep_little_box,
          lightli_ossuary_entry_decrepit_ruins, uniq_joseph

Skill      XL: |  1  2  3  4 |
---------------+-------------+-----
Short Blades   | 5 6 |  6.0
Fighting       | 4 |  4.2
Armour         | |  0.7
Dodging        | |  2.4

Action                   |  1- 3 |  4- 6 || total
-------------------------+-------+-------++-------
Melee: Short sword       |   112 |    62 ||   174
Throw: Stone             |    15 |       ||    15
  Use: Scroll            |       |     1 ||     1
 Stab: Sleeping          |     2 |     2 ||     4
       Confused          |     1 |       ||     1
  Eat: Chunk             |     9 |     1 ||    10
Armor: Leather armour    |    50 |    15 ||    65
Dodge: Dodged            |   104 |    51 ||   155
